 Dungeon Crawl Stone Soup version 0.26-a0-708-g17f3b190f9 (webtiles) character file.

Game seed: 10889423084804086782

309879 Silphendio the Devastator (level 19, -1/202 HPs)
             Began as a Demigod Conjurer on Oct 27, 2020.
             Slain by a vault warden
             ... wielding a +2 long sword of flaming
              (4 damage)
             ... on level 1 of the Vaults on Oct 28, 2020.
             The game lasted 05:40:59 (54272 turns).

Silphendio the Devastator (Demigod Conjurer)       Turns: 54272, Time: 05:41:00

Health: -1/202     AC: 33    Str: 10    XL:     19   Next: 59%
Magic:  23/45      EV:  2    Int: 34    God:
Gold:   2021       SH:  0    Dex: 20    Spells: 14/51 levels left

rFire    + . .     SeeInvis .   a - staff of fire
rCold    . . .     Faith    .   M - +0 buckler "Dotogiseff" {Dex+6 Slay-6}
rNeg     + + +     Spirit   .   (armour currently unavailable)
rPois    +         Reflect  .   (helmet currently unavailable)
rElec    .         Harm     .   (cloak currently unavailable)
rCorr    .         Rampage  .   (gloves currently unavailable)
MR       ++...     NoTele   +   (boots currently unavailable)
Stlth    ++........             E - amulet of magic regeneration
HPRegen  0.43/turn              r - +4 ring of protection
MPRegen  0.54/turn              S - ring of protection from magic

@: confused, tree-form, hasted, studying Dodging, very quick
A: high mp 1, wild magic 1
}: 2/15 runes: serpentine, barnacled
a: no special abilities


You were on level 1 of the Vaults.
You were a tree.
You visited 7 branches of the dungeon, and saw 36 of its levels.
You visited 1 bazaar.

You collected 5196 gold pieces.
You spent 3175 gold pieces at shops.

Inventory:

Hand Weapons
 b - the +5 mace of Plog {drain, Dex+2}
   (You found it on level 4 of the Snake Pit)

   A truly terrible weapon, it drains the life of those it strikes.
   It affects your dexterity (+2).
 c - the cursed +2 mace of the Chain {venom, rElec rPois Str-3 Int+7}
   (You took it off a naga warrior on level 4 of the Snake Pit)

   It poisons the flesh of those it strikes.
   It affects your strength (-3).
   It affects your intelligence (+7).
   It insulates you from electricity.
   It protects you from poison.
   It has a curse placed upon it.
Armour
 k - a +0 pair of boots (melded)
 y - a +1 pair of gloves (melded)
 I - the +2 robe "Raeg" (melded) {rF+ rN+ MR+}
   (You bought it in a shop on level 2 of the Orcish Mines)

   It protects you from fire.
   It protects you from negative energy.
   It affects your resistance to hostile enchantments.
 M - the +0 buckler "Dotogiseff" (worn) {Dex+6 Slay-6}
   (You found it on level 1 of the Shoals)

   It affects your dexterity (+6).
   It affects your accuracy and damage with ranged weapons and melee attacks
   (-6).
 Q - the -2 cloak of Fuarghal (melded) {Int+4}
   (You found it on level 1 of the Lair of Beasts)

   It affects your intelligence (+4).
 T - a +2 hat of see invisible (melded)
Magical Staves
 a - an uncursed staff of fire (weapon)
Jewellery
 m - an uncursed ring of resist corrosion
 r - a +4 ring of protection (left branch)
 E - an amulet of magic regeneration (around neck)
 H - an uncursed ring of fire
 J - an uncursed ring of stealth
 N - an uncursed ring of flight
 S - a ring of protection from magic (right branch)
Wands
 h - a wand of digging (4)
 u - a wand of acid (8)
 x - a wand of iceblast (33)
 G - a wand of enslavement (16)
 W - a wand of paralysis (28)
 Y - a wand of disintegration (23)
Scrolls
 e - 5 scrolls of teleportation
 f - 18 scrolls of identify
 i - a scroll of summoning
 j - 8 scrolls of remove curse
 l - 6 scrolls of amnesia
 v - 8 scrolls of immolation
 w - 2 scrolls of fear
 A - 8 scrolls of magic mapping
 B - 2 scrolls of blinking
 F - a scroll of enchant weapon
 O - 6 scrolls of enchant armour
 U - a scroll of fog
 Z - a scroll of acquirement
Potions
 d - 4 potions of haste
 g - 4 potions of berserk rage
 n - 2 potions of cancellation
 o - 3 potions of heal wounds
 p - 2 potions of invisibility
 q - 2 potions of magic
 s - 9 potions of resistance
 t - 13 potions of curing
 z - 3 potions of lignification
 C - 4 potions of brilliance
 D - 7 potions of flight
 P - 3 potions of might
 V - 2 potions of ambrosia
Books
 R - a manual of Dodging
Miscellaneous
 X - a phantom mirror (inert)


   Skills:
 + Level 4.2 Fighting
 + Level 3.3(3.8) Maces & Flails
 + Level 2.3(3.2) Staves
 + Level 0.4 Throwing
 * Level 14.5 Dodging
 + Level 6.9 Stealth
 + Level 6.5 Shields
 + Level 16.9 Spellcasting
 + Level 17.3 Conjurations
 + Level 2.4 Hexes
 + Level 8.8 Translocations
 + Level 12.7 Fire Magic
 + Level 1.1 Air Magic
 + Level 6.7 Earth Magic
 + Level 1.2 Poison Magic
 + Level 2.5 Evocations


You had 14 spell levels left.
You knew the following spells:

 Your Spells              Type           Power        Failure   Level
a - Magic Dart            Conj           ####         1%          1
b - Searing Ray           Conj           ######       1%          2
c - Mephitic Cloud        Conj/Pois/Air  #######.     1%          3
d - Iskenderun's Mystic   Conj/Tloc      ########     1%          4
e - Fireball              Conj/Fire      ########..   1%          5
f - Bolt of Magma         Conj/Fire/Erth ########..   1%          5
g - Sticky Flame          Conj/Fire      ########     1%          4
h - Fulminant Prism       Conj/Hex       #######...   1%          4
i - Passage of Golubria   Tloc           N/A          1%          4
B - Blink                 Tloc           N/A          1%          2
I - Conjure Flame         Conj/Fire      ########     1%          3

Your spell library contained the following spells:

 Spells                   Type           Power        Failure   Level
 Apportation              Tloc           ######       1%          1
 Corona                   Hex            ######.      1%          1
 Foxfire                  Conj/Fire      ####         1%          1
 Slow                     Hex            ######..     1%          2
 Dazzling Flash           Conj/Hex       ######       1%          3
 Gell's Gravitas          Tloc           #######...   1%          3
 Inner Flame              Hex/Fire       ########     1%          3
 Lesser Beckoning         Tloc           #######...   1%          3
 Portal Projectile        Hex/Tloc       ######       1%          3
 Stone Arrow              Conj/Erth      ######       1%          3
 Teleport Other           Tloc           #######.     1%          3
 Hailstorm                Conj/Ice       #######.     1%          4
 Animate Skeleton         Necr           #####.       2%          1
 Freeze                   Ice            ####         2%          1
 Summon Small Mammal      Summ           ####         2%          1
 Poisonous Vapours        Pois/Air       #####.       2%          2
 Confusing Touch          Hex            ######..     2%          3
 Iron Shot                Conj/Erth      #######...   2%          6
 Call Imp                 Summ           #####...     3%          2
 Leda's Liquefaction      Hex/Erth       ######....   3%          4
 Petrify                  Tmut/Erth      ######..     5%          4
 Frozen Ramparts          Ice            #####.       7%          3
 Ozocubu's Armour         Ice            #####...     7%          3
 Vampiric Draining        Necr           #####.....   7%          3
 Cause Fear               Hex            ######....   8%          4
 Borgnjor's Vile Clutch   Necr/Erth      ######....   13%         5
 Animate Dead             Necr           #####.....   19%         4
 Dispel Undead            Necr           #####...     19%         4
 Summon Ice Beast         Ice/Summ       #####...     19%         4
 Freezing Cloud           Conj/Ice/Air   #######...   22%         6
 Metabolic Englaciation   Hex/Ice        #####.....   30%         5
 Yara's Violent Unravell  Hex/Tmut       #####.....   30%         5
 Excruciating Wounds      Necr           #####.....   45%         5
 Statue Form              Tmut/Erth      ######...    54%         6
 Death Channel            Necr           #####.....   94%         6
 Ozocubu's Refrigeration  Ice            #####.....   94%         6
 Simulacrum               Ice/Necr       #####.....   94%         6
 Shatter                  Erth           #######...   100%        9


Dungeon Overview and Level Annotations

Branches:
Dungeon (15/15)            Temple (0/1) D:5            Lair (6/6) D:8
 Shoals (4/4) Lair:2        Snake (4/4) Lair:2        Slime (0/5) Lair:5
    Orc (2/2) D:11            Elf (3/3) Orc:2        Vaults (2/5) D:13
 Depths (0/5) D:15
  Crypt: Vaults:2-3

Shops:
D:9 (   D:13 *}:*!   Orc:2 **(([   Snake:2 (   Snake:4 =   Vaults:1 [

Portals:
Trove: Vaults:1 (give +3 fire dragon scales)

Annotations:
Snake:1 1 runed translucent door, Lioguxoh's ghost, adept TeFE


Innate Abilities, Weirdness & Mutations

You have an increased reservoir of magic. (+10% MP)
((Your system is resistant to poisons. (rPois)))
Your spells are a little harder to cast, but a little more powerful.


Message History

Press: ? - help, Shift-Dir - straight line, f/p - vault warden
Aim: a vault warden, wielding a +2 long sword of flaming and wearing a cursed +0 plate armour (heavily wounded)
Okay, then.
The tengu reaver hits you from afar with a +0 glaive!
* * * LOW HITPOINT WARNING * * *
Really quaff the potion of lignification?
You turn into a tree.
The -2 cloak of Fuarghal {Int+4} melds into your body.
Your +2 hat of see invisible melds into your body.
Your +1 pair of gloves melds into your body.
Your +0 pair of boots melds into your body.
The +2 robe "Raeg" {rF+ rN+ MR+} melds into your body.
You feel less perceptive.
Your roots penetrate the ground.
The vault warden hits you but does no damage.
The tengu reaver hits you from afar with a +0 glaive.
* * * LOW HITPOINT WARNING * * *
The vault warden hits you with a +2 long sword of flaming!!
* * * LOW HITPOINT WARNING * * *
The vault warden burns you.
You die...

........................########.
.......###############...........
.......#.............#.......)..[
.......#....).......#####.....###
.......#...........##...##[...#..
.......#..........##.....##...#..
#####..#..........#..8.8..#...#..
#####..#..........#∩......'[..#..
....#..#........♣.#..8.8..#...'..
....#..#......>.p.##.....##...#..
#...#..#........Q..##...##....#..
#...#..#...........*#####..(..#.)
)# #..#.......).....#.......[#..
.##.#..#######+#######..).[...#..
....#............)))[[[.......#..
#####..........).)).#####'##[.###
.#..................#......#..)..


You could see a vault warden, a tengu reaver and a battlesphere.

Vanquished Creatures
  Mara (Snake:4)
  A lich (Vaults:1)
  2 deep elf master archers (Elf:3)
  A titan (Shoals:1)
  2 deep elf blademasters
  A kraken (Shoals:4)
  Agnes (Snake:4)
  A sphinx (Vaults:1)
  Kirke (D:15)
  Gastronok (Lair:2)
  A tengu reaver (Vaults:1)
  Ilsuiw (Shoals:3)
  12 nagarajas
  3 deep elf sorcerers
  2 fire giants (Vaults:1)
  2 vault wardens (Vaults:1)
  A deep elf elementalist (Elf:3)
  Aizul (Snake:4)
  6 ironheart preservers
  A very ugly thing (Vaults:1)
  2 entropy weavers (Lair:6)
  A war gargoyle (Vaults:1)
  2 deep elf demonologists
  2 stone giants
  3 deep elf annihilators
  A dire elephant (Lair:6)
  2 ettins
  2 deep elf death magi
  3 merfolk javelineers
  A yaktaur captain (Vaults:1)
  The ghost of qipq the Martial Artist, a journeyman OpFi of Gozag (D:11)
  3 deep elf high priests (Elf:3)
  Josephine (D:15)
  7 merfolk impalers
  A rakshasa (D:15)
  A fire dragon (Lair:6)
  15 naga warriors
  17 vault guards
  16 hydras
  Fannar (D:10)
  Harold (D:6)
  2 ice dragons
  3 boulder beetles
  The ghost of qipq the Martial Artist, a journeyman OpFi of Gozag (D:11)
  2 centaur warriors (D:15)
  8 merfolk avatars (Shoals:4)
  A death knight (D:13)
  7 anacondas
  28 dancing weapons
  An alligator snapping turtle (Shoals:2)
  5 two-headed ogres
  4 satyrs
  5 merfolk aquamancers
  A deep troll earth mage (Vaults:1)
  A queen ant (Lair:6)
  2 ogre magi (Vaults:1)
  A vampire mage (Vaults:1)
  4 shock serpents
  A tengu warrior (D:15)
  2 naga sharpshooters
  An orc high priest (Orc:2)
  7 death yaks
  15 deep elf knights
  5 large abominations (Elf:1)
  An unseen horror (shapeshifter) (Elf:2)
  A hell knight (D:15)
  A skeletal warrior (D:13)
  4 salamander mystics (Snake:4)
  7 deep trolls (Vaults:1)
  A swamp dragon (Vaults:1)
  4 unseen horrors
  11 sea snakes
  6 naga ritualists
  Pikel (D:8)
  10 deep elf archers
  A phantasmal warrior (D:13)
  3 necromancers
  52 deep elf magi
  4 orc knights
  4 ironbrand convokers (Vaults:1)
  19 harpies (Shoals:4)
  2 lindwurms
  A wolf spider (Vaults:1)
  5 orc sorcerers
  6 ugly things
  19 mana vipers
  12 manticores
  An oklob plant (Lair:3)
  4 fauns (Shoals:2)
  38 black mambas
  5 cyclopes
  A water nymph (Shoals:1)
  8 salamanders
  6 merfolk sirens
  6 guardian serpents
  Joseph (D:7)
  9 naga magi (Snake:4)
  2 molten gargoyles (Lair:6)
  3 vault sentinels (Vaults:1)
  A torpor snail (Lair:4)
  11 cane toads
  3 gargoyles
  11 komodo dragons
  An efreet (D:13)
  3 rime drakes
  2 guardian mummies (Vaults:1)
  4 freezing wraiths
  11 yaktaurs (Vaults:1)
  A redback zombie (D:15)
  A tengu conjurer (D:14)
  26 merfolk
  A queen bee (shapeshifter) (Vaults:1)
  6 trolls
  3 polar bears
  18 blink frogs
  A hornet (D:15)
  5 wind drakes
  17 dream sheep
  5 snapping turtles (Shoals:4)
  2 shadows
  4 air elementals (Elf:1)
  A spriggan (shapeshifter) (Elf:2)
  11 water elementals
  A wyvern (D:11)
  2 fire elementals
  59 yaks
  7 wraiths
  A vampire (D:14)
  2 hogs (D:15)
  Grum (D:11)
  2 fire bats (Lair:6)
  4 basilisks
  2 steam dragons
  24 soldier ants (Lair:6)
  7 wargs
  An ogre zombie (Vaults:1)
  2 acid dragons (D:15)
  46 nagas
  12 water moccasins
  4 hell hounds (Lair:6)
  2 ice beasts
  5 sky beasts
  A necrophage (D:6)
  17 orc warriors
  An eye of draining (D:11)
  A human zombie (Vaults:1)
  14 ogres
  6 black bears
  57 wolves
  10 centaurs
  4 lemures (D:8)
  3 big kobolds
  3 elf zombies (Elf:1)
  A wyvern zombie (D:7)
  19 bullfrogs
  3 earth elementals
  A human skeleton (Vaults:1)
  10 scorpions
  15 killer bees
  8 wights
  7 howler monkeys
  2 electric eels
  2 bullfrog zombies
  7 hounds
  5 lava snakes (Lair:6)
  9 jellies
  24 orc priests
  31 orc wizards
  5 centaur skeletons
  2 bullfrog skeletons
  4 iguanas
  31 worker ants
  3 worker ant zombies
  Robin (D:4)
  14 adders
  16 gnolls
  2 white imps
  2 ufetubi
  2 oozes (Lair:5)
  An adder skeleton (D:8)
  5 worms
  A dart slug (D:1)
  3 leopard geckos
  84 orcs
  8 bats
  5 giant cockroaches
  18 goblins
  7 hobgoblins
  8 jackals
  15 kobolds
  5 quokkas
  A ball python (D:6)
  3 frilled lizards
  2 jackal skeletons
  A jackal zombie (D:7)
  3 leopard gecko skeletons (D:4)
  4 rats
  A fulminant prism (Lair:6)
  A fungus (Elf:3)
  2 tentacles (Shoals:4)
1345 creatures vanquished.

Vanquished Creatures (others)
  A human (D:15)
  An orc priest (Orc:2)
  A kobold (D:13)
  A bush (Lair:6)
  70 fulminant prisms
  57 fungi
  107 plants
  6 tentacles (Shoals:4)
244 creatures vanquished.

Grand Total: 1589 creatures vanquished

Notes
Turn   | Place    | Note
-------+----------+-------------------------------------------
     0 | D:1      | Silphendio the Demigod Conjurer began the quest for the
                  | Orb.
     0 | D:1      | Reached XP level 1. HP: 14/14 MP: 5/5
   244 | D:1      | Reached skill level 4 in Conjurations
   272 | D:1      | Reached XP level 2. HP: 20/20 MP: 5/7
   295 | D:1      | Learned a level 2 spell: Searing Ray
  1112 | D:2      | Reached XP level 3. HP: 26/26 MP: 5/8
  2138 | D:3      | Reached XP level 4. HP: 33/33 MP: 4/10
  2355 | D:3      | Reached skill level 1 in Maces & Flails
  2418 | D:3      | Reached XP level 5. HP: 38/38 MP: 6/12
  2614 | D:3      | Reached skill level 5 in Conjurations
  3260 | D:4      | Reached XP level 6. HP: 46/46 MP: 5/14
  3812 | D:4      | Noticed Robin
  3863 | D:4      | Killed Robin
  4053 | D:5      | Entered Level 5 of the Dungeon
  4127 | D:5      | Learned a level 2 spell: Blink
  4154 | D:5      | Found a staircase to the Ecumenical Temple.
  4267 | D:5      | Found a snail-covered altar of Cheibriados.
  4408 | D:5      | Reached XP level 7. HP: 38/51 MP: 6/16
  4517 | D:5      | Reached skill level 6 in Conjurations
  4740 | D:5      | Found a hide-covered altar of Uskayaw.
  4993 | D:5      | Reached skill level 1 in Fighting
  5065 | D:5      | Found an ornate altar of the Wu Jian Council.
  5066 | D:5      | Found a shimmering blue altar of Sif Muna.
  5415 | D:6      | Reached skill level 5 in Spellcasting
  5415 | D:6      | Reached XP level 8. HP: 59/59 MP: 10/19
  5608 | D:6      | Learned a level 3 spell: Mephitic Cloud
  5632 | D:6      | Reached skill level 7 in Conjurations
  6285 | D:7      | Noticed Harold
  6429 | D:7      | Noticed Joseph
  6968 | D:8      | Found a staircase to the Lair.
  7054 | D:8      | Noticed Pikel
  7348 | D:8      | Found a glowing silver altar of Zin.
  7379 | D:8      | Killed Pikel
  7379 | D:8      | Reached skill level 1 in Translocations
  7379 | D:8      | Reached XP level 9. HP: 62/67 MP: 12/23
  7443 | D:8      | Learned a level 4 spell: Iskenderun's Mystic Blast
  7447 | D:8      | Found a snail-covered altar of Cheibriados.
  7848 | D:9      | Found Keppao's Weapon Emporium.
  7857 | D:9      | Found a sparkling altar of Nemelex Xobeh.
  8138 | D:9      | Reached skill level 8 in Conjurations
  8152 | D:9      | Reached skill level 1 in Shields
  8802 | D:10     | Entered Level 10 of the Dungeon
  8891 | D:10     | Learned a level 3 spell: Conjure Flame
  9286 | D:10     | Killed an unseen horror
  9286 | D:10     | Reached skill level 9 in Conjurations
  9286 | D:10     | Reached XP level 10. HP: 24/73 MP: 11/25
  9715 | D:10     | Reached skill level 1 in Fire Magic
  9725 | D:10     | Reached skill level 5 in Stealth
  9851 | D:10     | Killed an unseen horror
 10169 | D:10     | Learned a level 4 spell: Sticky Flame
 10175 | D:10     | Learned a level 5 spell: Fireball
 10365 | D:11     | Noticed Grum
 10370 | D:11     | Noticed Fannar
 10522 | D:11     | Noticed a boulder beetle
 10795 | D:10     | Killed Fannar
 10861 | D:11     | Reached skill level 1 in Air Magic
 10892 | D:11     | Noticed a boulder beetle
 11272 | D:11     | Reached XP level 11. HP: 61/81 MP: 4/28
 11352 | D:11     | Killed an unseen horror
 11352 | D:11     | Reached skill level 10 in Conjurations
 11352 | D:11     | Reached skill level 1 in Poison Magic
 11470 | D:11     | Reached skill level 5 in Dodging
 11695 | D:11     | Found a runed translucent gate.
 11713 | D:11     | Noticed qipq's ghost (journeyman OpFi)
 11716 | D:11     | Found a runed translucent gate.
 11792 | D:10     | Killed a boulder beetle
 12038 | D:7      | Killed Joseph
 12128 | D:6      | Killed Harold
 12488 | D:7      | Killed an unseen horror
 12962 | Lair:1   | Entered Level 1 of the Lair of Beasts
 13094 | Lair:1   | Noticed a five-headed hydra
 13101 | D:8      | Killed a five-headed hydra
 13496 | Lair:1   | Reached skill level 11 in Conjurations
 13830 | Lair:1   | Reached skill level 1 in Evocations
 13935 | Lair:1   | Got a dazzling cloak
 13946 | Lair:1   | Identified the -2 cloak of Fuarghal {Int+4} (You found it
                  | on level 1 of the Lair of Beasts)
 14435 | Lair:2   | Found a staircase to the Snake Pit.
 14451 | Lair:2   | Reached XP level 12. HP: 89/89 MP: 15/30
 14462 | Lair:2   | Gained mutation: Your system is resistant to poisons.
                  | (rPois) [potion of mutation]
 14462 | Lair:2   | Gained mutation: Your spells are a little harder to cast,
                  | but a little more powerful. [potion of mutation]
 14498 | Lair:2   | Found a staircase to the Shoals.
 14507 | Lair:2   | Learned a level 4 spell: Fulminant Prism
 14523 | Lair:2   | Noticed Gastronok
 14538 | Lair:2   | Killed Gastronok
 14538 | Lair:2   | Reached skill level 10 in Spellcasting
 14538 | Lair:2   | Reached skill level 5 in Fire Magic
 14740 | Lair:2   | Noticed a four-headed hydra
 14745 | Lair:2   | Killed a four-headed hydra
 15754 | Lair:3   | Noticed a six-headed hydra
 15770 | Lair:3   | Noticed a six-headed hydra
 15923 | Lair:3   | Noticed an eight-headed hydra
 15974 | Snake:1  | Entered Level 1 of the Snake Pit
 16050 | Lair:3   | Killed an eight-headed hydra
 16215 | Lair:3   | Reached skill level 12 in Conjurations
 16227 | Lair:3   | Killed a six-headed hydra
 16646 | Lair:3   | Killed a six-headed hydra
 17177 | Lair:4   | Noticed a four-headed hydra
 17182 | Lair:4   | Killed a four-headed hydra
 17193 | Lair:4   | Reached XP level 13. HP: 85/95 MP: 9/32
 18325 | Lair:5   | Reached skill level 5 in Translocations
 18618 | Lair:5   | Reached skill level 1 in Staves
 18644 | Lair:5   | Found a staircase to the Slime Pits.
 18983 | Lair:5   | You fall into a shaft and drop 1 floor!
 18983 | Lair:6   | Entered Level 6 of the Lair of Beasts
 20083 | Lair:6   | Noticed an entropy weaver
 20086 | Lair:6   | Killed an entropy weaver
 20691 | Lair:6   | Noticed an entropy weaver
 21036 | Lair:6   | Killed an entropy weaver
 21439 | Lair:6   | Reached XP level 14. HP: 103/103 MP: 21/35
 21672 | Lair:6   | Reached skill level 13 in Conjurations
 22979 | Lair:6   | Found a large runed translucent door.
 22980 | Lair:6   | Found a large runed translucent door.
 23315 | Shoals:1 | Entered Level 1 of the Shoals
 23914 | Shoals:1 | Reached skill level 1 in Hexes
 24137 | Shoals:1 | Noticed a titan
 24170 | Shoals:1 | Killed a titan
 24189 | Shoals:1 | Got a dazzling buckler
 24200 | Shoals:1 | Identified the +0 buckler "Dotogiseff" {Dex+6 Slay-6} (You
                  | found it on level 1 of the Shoals)
 25113 | D:11     | Killed Grum
 25139 | D:11     | Found a runed translucent gate.
 25140 | D:11     | Noticed qipq's ghost (journeyman OpFi)
 25178 | D:11     | Killed qipq's ghost
 25178 | D:11     | Killed qipq's ghost
 25399 | D:11     | Found a staircase to the Orcish Mines.
 25551 | Orc:1    | Entered Level 1 of the Orcish Mines
 26164 | Orc:1    | Found a runed translucent door.
 26307 | Orc:1    | Found a roughly hewn altar of Beogh.
 26393 | Orc:2    | Entered Level 2 of the Orcish Mines
 26558 | Orc:2    | Found a staircase to the Elven Halls.
 26558 | Orc:2    | Found Jiogurud's Assorted Antiques.
 27054 | Orc:2    | Reached XP level 15. HP: 110/110 MP: 31/37
 27075 | Orc:2    | Found Feqat's General Store.
 27075 | Orc:2    | Found Pisaehi's Antique Weapon Shoppe.
 27082 | Orc:2    | Found Jeuhaeli's Antique Armour Shoppe.
 27085 | Orc:2    | Found Delu Umn's Antique Weapon Emporium.
 27149 | Orc:2    | Bought a pitted cloak for 256 gold pieces
 27149 | Orc:2    | Bought a faintly glowing robe for 153 gold pieces
 27161 | Orc:2    | Identified the +0 cloak "Lugraut" {rN+ MR- rCorr} (You
                  | bought it in a shop on level 2 of the Orcish Mines)
 27200 | Orc:2    | Identified the +2 robe "Raeg" {rF+ rN+ MR+} (You bought it
                  | in a shop on level 2 of the Orcish Mines)
 27844 | Elf:1    | Entered Level 1 of the Elven Halls
 27977 | Elf:1    | Found a flickering gateway to a bazaar.
 27986 | Bazaar   | Entered a bazaar
 27988 | Bazaar   | Found Urphockumn's Assorted Antiques.
 27992 | Bazaar   | Found Tots's Armour Boutique.
 27992 | Bazaar   | Found Teghupn's Armour Boutique.
 27992 | Bazaar   | Found Ucifruaq's Book Boutique.
 28158 | Bazaar   | Upgraded the game from 0.26-a0-707-g31817bcca1 to
                  | 0.26-a0-708-g17f3b190f9
 28166 | Bazaar   | Identified a scroll of acquirement
 28167 | Bazaar   | Acquired 901 gold pieces
 28181 | Bazaar   | Bought a book of the Earth for 975 gold pieces
 28187 | Bazaar   | Learned a level 5 spell: Bolt of Magma
 29520 | Snake:1  | Found a runed translucent door.
 29525 | Snake:1  | Reached skill level 14 in Conjurations
 29592 | Snake:1  | Noticed Lioguxoh's ghost (adept TeFE)
 29982 | Snake:2  | Reached skill level 1 in Earth Magic
 30027 | Snake:2  | Found Nyohel's Weapon Emporium.
 32086 | Snake:3  | Noticed a nagaraja
 32090 | Snake:3  | Killed a nagaraja
 32339 | Snake:4  | Entered Level 4 of the Snake Pit
 32396 | Snake:4  | Identified the cursed +2 mace of the Chain {venom, rElec
                  | rPois Str-3 Int+7}
 32492 | Snake:4  | Got a steaming mace
 32502 | Snake:4  | Identified the +5 mace of Plog {drain, Dex+2} (You found it
                  | on level 4 of the Snake Pit)
 32529 | Snake:4  | Noticed Agnes
 32533 | Snake:4  | Killed Agnes
 32785 | Snake:4  | Noticed Aizul
 32795 | Snake:4  | Killed Aizul
 33090 | Snake:4  | Found the +2 ratskin cloak {*Rats rPois rN+ Str-1 Int-1
                  | Dex+1}
 33170 | Snake:4  | Identified the +0 robe of the Northern Lights {rPois Str+7
                  | Dex+3}
 33552 | Snake:4  | Reached skill level 5 in Shields
 33561 | Snake:4  | Noticed a nagaraja
 33961 | Snake:4  | Found Eriug's Jewellery Shoppe.
 33973 | Snake:4  | Noticed a nagaraja
 34153 | Snake:4  | Killed a nagaraja
 34153 | Snake:4  | Reached XP level 16. HP: 111/116 MP: 28/39
 34611 | Snake:4  | Noticed Mara
 35869 | Snake:4  | Noticed Silphendio's illusion
 35903 | Snake:4  | Killed Mara
 36776 | Snake:4  | Reached skill level 15 in Conjurations
 37432 | Snake:4  | Got a serpentine rune of Zot
 37855 | D:12     | Reached skill level 10 in Fire Magic
 38007 | D:12     | Learned a level 4 spell: Passage of Golubria
 38940 | D:13     | Reached skill level 15 in Spellcasting
 38948 | D:13     | Reached XP level 17. HP: 122/122 MP: 11/41
 39045 | D:13     | Found Wusicw's Assorted Antiques.
 39377 | D:13     | Found a gate to the Vaults.
 39397 | D:13     | Found Merio's Assorted Antiques.
 39411 | D:13     | Found Yfi Pud's Distillery.
 39597 | D:13     | Found Fyxian's Book Shop.
 39621 | D:13     | Bought a manual of Dodging for 1766 gold pieces
 40016 | D:13     | Found Liojor's Gadget Boutique.
 40102 | D:13     | Bought a scroll labeled UCA URGHUPN for 25 gold pieces
 40261 | D:15     | Entered Level 15 of the Dungeon
 40371 | D:15     | Found a staircase to the Depths.
 40749 | D:14     | Found a sparkling altar of Nemelex Xobeh.
 41161 | D:15     | Found an ornate altar of the Wu Jian Council.
 41269 | D:15     | Noticed Kirke
 41272 | D:15     | Noticed Josephine
 41277 | D:15     | Killed Kirke
 41283 | D:15     | Killed Josephine
 41716 | Elf:1    | Reached skill level 10 in Dodging
 42903 | Elf:1    | Identified the Tome of Necromancy
 43771 | Elf:2    | Found a huge runed translucent gate.
 43771 | Elf:2    | Found a huge runed translucent gate.
 43771 | Elf:2    | Found a huge runed translucent gate.
 43771 | Elf:2    | Found a huge runed translucent gate.
 43775 | Elf:2    | Found a huge runed translucent gate.
 44386 | Elf:2    | Reached skill level 16 in Conjurations
 44451 | Elf:2    | Reached skill level 5 in Earth Magic
 44857 | Elf:2    | Reached XP level 18. HP: 129/129 MP: 2/43
 45327 | Elf:3    | Entered Level 3 of the Elven Halls
 45496 | Elf:3    | HP: 3/129 [deep elf master archer/arrow (23)]
 46472 | Elf:3    | Identified the +7 chain mail "Fauf" {rElec}
 47135 | Elf:3    | Identified the cursed +3 hand axe of Internal Strife {vamp,
                  | MR+}
 47135 | Elf:3    | Identified a ring of the Octopus King {AC+1 EV+1 Str+1
                  | Int+1 Dex+1 Stlth+}
 48386 | Shoals:3 | Noticed Ilsuiw
 48807 | Shoals:3 | Killed Ilsuiw
 48927 | Shoals:3 | Identified the Grimoire of Icy Earth
 49028 | Shoals:4 | Entered Level 4 of the Shoals
 49285 | Shoals:4 | Found a runed translucent door.
 49677 | Shoals:4 | Identified the +7 hand crossbow of the Four Coins {elec,
                  | rC- Str+4 Dex+3}
 50898 | Shoals:4 | Identified the +5 ring mail "Fakauh" {Rampage MR- Str+2}
 51557 | Shoals:4 | Got a dull robe
 51568 | Shoals:4 | Identified the +0 robe of Leokk {rElec rF+ rC+} (You found
                  | it on level 4 of the Shoals)
 51726 | Shoals:4 | Got a barnacled rune of Zot
 52022 | Vaults:1 | Entered Level 1 of the Vaults
 52031 | Vaults:1 | Reached XP level 19. HP: 135/135 MP: 26/45
 52206 | Vaults:1 | Found Joemupt's Antique Armour Shop.
 52521 | Vaults:1 | Found a portal to a secret trove of treasure.
 52623 | Vaults:1 | Reached skill level 17 in Conjurations
 54182 | Vaults:2 | Noticed a Tzitzimitl
 54272 | Vaults:1 | HP: 3/202 [vault warden/+2 long sword of flaming (22)]
 54272 | Vaults:1 | Slain by a vault warden

Illustrated notes

Levels and vault maps discovered:
D:1:      dpeg_arrival_simpleton_a, layout_loops_ring, grunt_decor_mini_mirrors,
          minivault_14, minmay_tree_intersection, minmay_pentomino_p2
D:2:      layout_loops_ring
D:3:      layout_basic
D:4:      kennysheep_six_static_rooms, layout_cave_pools, uniq_robin
D:5:      layout_basic, lemuel_coloured_pillars_altar,
          eat_drink_and_be_merry_uskayaw, gammafunk_temple_overflow_pools,
          minmay_temple_entry_drinking_statues
D:6:      layout_basic
D:7:      layout_cave_pools, uniq_joseph, uniq_harold
D:8:      layout_gridville, zin_academy, lair_entry_dummy, chei_slow_surprise,
          uniq_pikel
D:9:      layout_stronghold, nemelex_xobeh_ov_fountains_minmay, serial_shops,
          shop, corexii_leaking_fountain
D:10:     layout_roguey
D:11:     layout_cave_pools, orc_0_dummy, gammafunk_ghost_cemetery, uniq_fannar,
          uniq_grum
D:12:     layout_basic
D:13:     minmay_goldmine, layout_loops_cross, erik_vaults_2, serial_shops,
          shop, nicolae_shop_statue_plus, shop, shop, shop_statue
D:14:     layout_big_octagon, grunt_decor_one_mirror, basic_altar
D:15:     hangedman_depths_entry_civil_slaughter, layout_irregular_city,
          basic_altar, uniq_josephine, uniq_kirke
Lair:1:   layout_gridlike
Lair:2:   layout_big_grid, minmay_shoals_entry_centaurs, dummy_snake_entry,
          grunt_forest_large_clearings, uniq_gastronok
Lair:3:   layout_long_grid, infiniplex_staircase_pool_2, lemuel_fruit_fields,
          serial_bayou_shore_a, grunt_megastairs_4, serial_bayou_shore_b,
          minmay_lair_oklob_chamber
Lair:4:   layout_cellular_growth, grunt_megastairs_2
Lair:5:   layout_loops_ring, nicolae_slime_entry_slimehenge
Lair:6:   cheibrodos_lair_end_hotspot, layout_gridlike, minivault_29
Shoals:1: cheibrodos_shoals_gigantism, layout_shoals
Shoals:2: layout_shoals
Shoals:3: argonaut_golden_fleece, layout_shoals, uniq_ilsuiw
Shoals:4: shoals_end_hangedman, layout_shoals,
          portal_ice_cave_entry_frozen_things, lightli_airlock
Snake:1:  layout_onion_interference, gammafunk_ghost_grave,
          nicolae_snake_double_loop
Snake:2:  layout_chambers, serial_shops, shop
Snake:3:  layout_misc_corridors
Snake:4:  johnstein_snake_rune_scales, layout_cave_pods, drop_trap,
          minmay_shop_enchanted_jewellery, grunt_megastairs_1, uniq_aizul,
          uniq_mara, uniq_agnes
Orc:1:    layout_caves, lightli_church_of_beogh
Orc:2:    st_orc_mages, layout_caves, serial_shops, nicolae_shop_waterfront,
          lightli_orcish_oven
Elf:1:    minmay_elf_arrival_summoners, layout_gridlike, serial_shops,
          bzr_entry_lakeside, minmay_elf_necromancy
Elf:2:    layout_gridlike
Elf:3:    minmay_elf_hall_four_x, layout_geoelf_diagonals
Vaults:1: st_greater_box_3, hangedman_vaults_pinch, vaults_dpeg_hooks,
          nicolae_vaults_diagonal_hallway_9, vaults_room_pool,
          layout_vaults_chaotic_city, nicolae_trove_entry_path_of_doom,
          serial_shops, nicolae_shop_crystal
Vaults:2: v_alt_pattern_1, nicolae_vaults_alarming, v_misc_30, v_rooms_6,
          vaults_room_fancy_cross, v_misc_32, hangedman_vaults_nails,
          hangedman_vaults_corner_blocks, ontoclasm_vaults_misaligned,
          nicolae_vaults_disjoint_gnomons, grunt_vaults_focal,
          vaults_room_octagon, nicolae_vaults_little_ls,
          ontoclasm_vaults_ring_small, layout_vaults_maze_bifur, serial_shops,
          nicolae_shop_behind_doors, nicolae_shop_stone, shop

Skill      XL: |  1  2  3  4  5  6  7  8  9 10 11 12 13 14 15 16 17 18 19 |
---------------+----------------------------------------------------------+-----
Conjurations   | 4 5 6 7 9 11 12 13 14 15 16 17 | 17.3
Spellcasting   | 2 3 5 6 7 8 9 11 12 13 14 15 16 | 16.9
Dodging        | 2 3 4 5 7 8 9 11 13 14 | 14.5
Maces & Flails | 1 2 3 |  3.3
Stealth        | 2 3 4 5 6 |  6.9
Fighting       | 1 2 3 4 |  4.2
Translocations | 1 2 3 4 5 6 7 8 |  8.8
Shields        | 1 2 3 4 5 6 |  6.5
Fire Magic     | 3 4 6 7 8 9 10 11 12 | 12.7
Air Magic      | 1 |  1.1
Poison Magic   | 1 |  1.2
Evocations     | 1 2 |  2.5
Staves         | 1 2 |  2.3
Hexes          | 1 2 |  2.4
Earth Magic    | 3 4 5 6 |  6.7
Throwing       | |  0.4

Action                   |  1- 3 |  4- 6 |  7- 9 | 10-12 | 13-15 | 16-18 | 19-21 || total
-------------------------+-------+-------+-------+-------+-------+-------+-------++-------
Melee: Whip              |     6 |     5 |       |       |       |       |       ||    11
       Unarmed           |     1 |       |       |       |       |       |       ||     1
       Mace              |       |     2 |     4 |    26 |     9 |     2 |       ||    43
       Staff             |       |       |       |    14 |    90 |     4 |     1 ||   109
Throw: Dart              |       |       |       |     1 |     3 |       |       ||     4
 Cast: Magic Dart        |    46 |    60 |    73 |    50 |    46 |    11 |     1 ||   287
       Searing Ray       |    14 |    30 |    86 |    58 |    43 |     1 |       ||   232
       Mephitic Cloud    |       |       |     5 |     9 |     2 |       |       ||    16
       Blink             |       |       |     2 |     7 |     5 |     3 |       ||    17
       Conjure Flame     |       |       |     8 |     3 |     4 |     1 |       ||    16
       Iskenderun's Myst |       |       |     4 |    58 |   180 |   191 |    22 ||   455
       Fireball          |       |       |       |    93 |   248 |   390 |    55 ||   786
       Sticky Flame      |       |       |       |    35 |    47 |    18 |     1 ||   101
       Fulminant Prism   |       |       |       |       |    28 |    43 |       ||    71
       Bolt of Magma     |       |       |       |       |    65 |   148 |    64 ||   277
       Passage of Golubr |       |       |       |       |       |     2 |     1 ||     3
 Abil: Evoke Flight      |       |       |       |     1 |     2 |       |       ||     3
Evoke: Wand              |       |       |       |     4 |     9 |     3 |     5 ||    21
       Phantom mirror    |       |       |       |       |     1 |       |     1 ||     2
  Use: Scroll            |       |     9 |     2 |     2 |    18 |     3 |     3 ||    37
       Potion            |       |     1 |     1 |     4 |     5 |     2 |    10 ||    23
 Stab: Sleeping          |       |     2 |       |       |       |     1 |       ||     3
Armor: Robe              |     3 |     4 |    25 |    57 |    73 |    39 |     4 ||   205
       Skin              |       |       |       |       |       |       |    11 ||    11
Dodge: Dodged            |    12 |    12 |    50 |   150 |   235 |   172 |    26 ||   657
Block: Buckler           |       |       |    16 |    30 |    91 |    56 |    10 ||   203

Table legend: (Time is in decaauts)
 A = Elapsed time spent in this place.
 B = Non-inter-level travel time spent in this place.
 C = Inter-level travel time spent in this place.
 D = Time resting spent in this place.
 E = Time spent auto-exploring this place.
 F = Levels seen in this place.
 G = Mean time per level.
                   A        B        C        D        E       F      G
               +--------+--------+--------+--------+--------+-----+--------+
         Total |  54721 |  51485 |   3236 |  19227 |  22044 |  37 | 1478.9 |
       Dungeon |  18505 |  17255 |   1250 |   5933 |   8367 |  15 | 1233.7 |
          Lair |  10238 |   9590 |    648 |   3118 |   4638 |   6 | 1706.3 |
        Shoals |   6140 |   5831 |    309 |   2382 |   2129 |   4 | 1535.0 |
     Snake Pit |   9053 |   8651 |    402 |   3876 |   2968 |   4 | 2263.2 |
  Orcish Mines |   2330 |   2128 |    202 |    544 |    976 |   2 | 1165.0 |
   Elven Halls |   5999 |   5698 |    301 |   2628 |   1965 |   3 | 1999.7 |
        Vaults |   2236 |   2114 |    122 |    746 |    872 |   2 | 1118.0 |
        Bazaar |    217 |    217 |      0 |      0 |    127 |   1 |  217.0 |
               +--------+--------+--------+--------+--------+-----+--------+

Top non-repeatable levels by time:
 Snake:4: 3866 daAuts
  Lair:6: 3499 daAuts
    D:10: 2857 daAuts
   Elf:2: 2820 daAuts
 Snake:3: 2647 daAuts
Vaults:1: 2205 daAuts
Shoals:4: 1864 daAuts
   Elf:1: 1778 daAuts
  Lair:2: 1769 daAuts
Shoals:3: 1674 daAuts
     D:8: 1625 daAuts
    D:13: 1517 daAuts
   Orc:2: 1509 daAuts
   Elf:3: 1400 daAuts
  Lair:4: 1387 daAuts
